SL
ST. LOUIS COEUR @ D.C. DIVIDED
08/03/2041
 
TOP OF THE 1ST
St. Louis Coeur batting - Pitching for D.C. Divided : RHP Kyuichi Hori
Pitching: RHP Kyuichi Hori
Batting: RHB Joe Mueller 0-0: Fly out, F7 (Flyball, 7, EV 84.4 MPH)
Batting: RHB Jaime Soto 0-0: SINGLE (Groundball, 6MD, EV 111.9 MPH)
Batting: LHB Qing-nian Zexian 0-0: Called Strike
0-1: Ball
1-1: Ball
2-1: Foul Ball, location: 2F
2-2: Ball
3-2: SINGLE (Groundball, 4MD, EV 99.4 MPH)
Jaime Soto to second
Runner from 2nd tries for 3rd, SAFE, no throw by CF
Batting: RHB Nobuhisa Murakami 0-0: Called Strike
0-1: SINGLE (Flyball, 8LS, EV 91.9 MPH)
Jaime Soto scores
Qing-nian Zexian to second
Batting: RHB Guillermo Coss 0-0: Ball
1-0: SINGLE (Line Drive, 4MD, EV 107.5 MPH)
Qing-nian Zexian to third
Nobuhisa Murakami to second
Batting: LHB Jae-seop Byeon 0-0: Swinging Strike
0-1: Ball
1-1: Fly out, F7 (Flyball, 7S, EV 84.4 MPH)
Batting: RHB Joel Iyiegbuniwe 0-0: Ball
1-0: Foul Ball, location: 2F
1-1: Ball
2-1: Fly out, F9 (Flyball, 9S, EV 90.0 MPH)
Top of the 1st over - 1 run, 4 hits, 0 errors, 3 left on base; St. Louis 1 - D.C. 0
BOTTOM OF THE 1ST
D.C. Divided batting - Pitching for St. Louis Coeur : LHP Ralph Greer
Pitching: LHP Ralph Greer
Batting: RHB Kimi Okubo 0-0: Ball
1-0: Foul Ball, location: 2F
1-1: Ground out 6-3 (Groundball, 6, EV 82.5 MPH)
Batting: LHB Bill Butler 0-0: Ball
1-0: SOLO HOME RUN (Flyball, 9D, EV 101.9 MPH), Distance : 388 ft
Batting: RHB Martín Chávez 0-0: Called Strike
0-1: Ball
1-1: Ball
2-1: Ball
3-1: Base on Balls
Batting: LHB Manuel Carmona 0-0: Called Strike
0-1: Ball
1-1: Swinging Strike
1-2: Strikes out swinging
Martín Chávez steals 2nd base
Batter strikes out.
Batting: SHB Billy Dotson 0-0: SINGLE (Groundball, 6MD, EV 106.9 MPH)
Martín Chávez to third
Runner from 3rd tries for Home, SAFE, throw by CF to home
Batting: RHB Francisco Alhama 0-0: Ball
1-0: Swinging Strike
1-1: Ball
2-1: Ball
3-1: Base on Balls
Billy Dotson to second
Batting: RHB Layton Arntsen 0-0: Ball
1-0: Ball
2-0: Foul Ball, location: 2F
2-1: Ball
3-1: Fly out, F8 (Flyball, 89M, EV 86.9 MPH)
Bottom of the 1st over - 2 runs, 2 hits, 0 errors, 2 left on base; St. Louis 1 - D.C. 2
TOP OF THE 2ND
St. Louis Coeur batting - Pitching for D.C. Divided : RHP Kyuichi Hori
Batting: RHB Ik-jun Cho 0-0: Ball
1-0: Ball
2-0: Ball
3-0: Base on Balls
Batting: RHB Jack Bonner 0-0: Foul Ball, location: 2F
0-1: Ball
1-1: Swinging Strike
1-2: Strikes out swinging
Batting: RHB Joe Mueller 0-0: Ball
1-0: Called Strike
1-1: Foul Ball, location: 2F
1-2: Foul Ball, location: 2F
1-2: SINGLE (Line Drive, 9S, EV 96.2 MPH)
Ik-jun Cho to second
Batting: RHB Jaime Soto 0-0: Ball
1-0: Ball
2-0: Called Strike
2-1: Ball
3-1: Base on Balls
Ik-jun Cho to third
Joe Mueller to second
Batting: LHB Qing-nian Zexian 0-0: SINGLE (Flyball, 89S, EV 84.4 MPH)
Ik-jun Cho scores
Joe Mueller to third
Jaime Soto to second
Runner from 3rd tries for Home, SAFE, no throw by RF
Batting: RHB Nobuhisa Murakami 0-0: Called Strike
0-1: Ball
1-1: SINGLE (Line Drive, 8RS, EV 94.4 MPH)
Jaime Soto to third
Qing-nian Zexian to second
Batting: RHB Guillermo Coss 0-0: Called Strike
0-1: Ball
1-1: Ball
2-1: Grounds into fielders choice 1-2 (Groundball, 34S, EV 83.8 MPH)
Qing-nian Zexian to third
Nobuhisa Murakami to second
Batting: LHB Jae-seop Byeon 0-0: Called Strike
0-1: Foul Ball, location: 2F
0-2: Strikes out swinging
Top of the 2nd over - 2 runs, 3 hits, 0 errors, 3 left on base; St. Louis 3 - D.C. 2
BOTTOM OF THE 2ND
D.C. Divided batting - Pitching for St. Louis Coeur : LHP Ralph Greer
Batting: RHB Bartolo Álvarez 0-0: Ground out 3-1 (Groundball, 3S, EV 80.6 MPH)
Batting: RHB Nick Boyd 0-0: Called Strike
0-1: Swinging Strike
0-2: Ball
1-2: Foul Ball, location: 2F
1-2: Ball
2-2: Foul Ball, location: 2F
2-2: Foul Ball, location: 2F
2-2: Foul Ball, location: 2F
2-2: Ball
3-2: Ground out 6-3 (Groundball, 6, EV 103.1 MPH)
Batting: RHB Kimi Okubo 0-0: Ball
1-0: Swinging Strike
1-1: Ball
2-1: Ball
3-1: Base on Balls
Batting: LHB Bill Butler 0-0: Called Strike
0-1: Ball
1-1: Ball
2-1: Foul Ball, location: 2F
2-2: Ball
3-2: Foul Ball, location: 2F
3-2: Ground out 4-3 (Groundball, 34, EV 80.6 MPH)
Bottom of the 2nd over - 0 runs, 0 hits, 0 errors, 1 left on base; St. Louis 3 - D.C. 2
TOP OF THE 3RD
St. Louis Coeur batting - Pitching for D.C. Divided : RHP Kyuichi Hori
Batting: RHB Joel Iyiegbuniwe 0-0: Called Strike
0-1: Foul Ball, location: 2F
0-2: Strikes out looking
Batting: RHB Ik-jun Cho 0-0: Ball
1-0: Swinging Strike
1-1: Swinging Strike
1-2: Strikes out swinging
Batting: RHB Jack Bonner 0-0: Swinging Strike
0-1: Ball
1-1: Foul Ball, location: 2F
1-2: DOUBLE (Line Drive, 89D, EV 111.2 MPH)
Batting: RHB Joe Mueller 0-0: Ball
1-0: Ball
2-0: Called Strike
2-1: Foul Ball, location: 2F
2-2: Ball
3-2: Ground out 4-3 (Groundball, 4, EV 81.9 MPH)
Top of the 3rd over - 0 runs, 1 hit, 0 errors, 1 left on base; St. Louis 3 - D.C. 2
BOTTOM OF THE 3RD
D.C. Divided batting - Pitching for St. Louis Coeur : LHP Ralph Greer
Batting: RHB Martín Chávez 0-0: Called Strike
0-1: Called Strike
0-2: Strikes out looking
Batting: LHB Manuel Carmona 0-0: Ball
1-0: Fly out, F7 (Flyball, 7D, EV 105.6 MPH)
Batting: SHB Billy Dotson 0-0: Ball
1-0: Foul Ball, location: 2F
1-1: Foul Ball, location: 2F
1-2: Ground out 6-3 (Groundball, 56, EV 100.6 MPH)
Bottom of the 3rd over - 0 runs, 0 hits, 0 errors, 0 left on base; St. Louis 3 - D.C. 2
TOP OF THE 4TH
St. Louis Coeur batting - Pitching for D.C. Divided : RHP Kyuichi Hori
Batting: RHB Jaime Soto 0-0: Ball
1-0: Foul Ball, location: 2F
1-1: SINGLE (Flyball, 9S, EV 90.0 MPH)
Batting: LHB Qing-nian Zexian 0-0: Ball
1-0: Swinging Strike
1-1: Ball
2-1: Ball
3-1: Swinging Strike
3-2: Ground out 4-3 (Groundball, 4, EV 80.6 MPH)
Jaime Soto to second
Batting: RHB Nobuhisa Murakami 0-0: Called Strike
0-1: Fly out, F9 (Line Drive, 9, EV 108.1 MPH)
Batting: RHB Guillermo Coss 0-0: Swinging Strike
0-1: SINGLE (Line Drive, 3D, EV 105.0 MPH)
Jaime Soto to third
Batting: LHB Jae-seop Byeon 0-0: Called Strike
0-1: Fly out, F8 (Flyball, 8LD, EV 97.5 MPH)
Top of the 4th over - 0 runs, 2 hits, 0 errors, 2 left on base; St. Louis 3 - D.C. 2
BOTTOM OF THE 4TH
D.C. Divided batting - Pitching for St. Louis Coeur : LHP Ralph Greer
Batting: RHB Francisco Alhama 0-0: SINGLE (Line Drive, 5D, EV 96.2 MPH)
Batting: RHB Layton Arntsen 0-0: Foul Ball, location: 2F
0-1: Ball
1-1: Ball
2-1: Ball
3-1: SINGLE (Groundball, 56D, EV 107.5 MPH)
Francisco Alhama to second
Batting: RHB Bartolo Álvarez 0-0: Foul Ball, location: 2F
0-1: Called Strike
0-2: Ball
1-2: Ball
2-2: Ball
3-2: Strikes out swinging
Batting: RHB Nick Boyd 0-0: Ball
1-0: Swinging Strike
1-1: Ball
2-1: Called Strike
2-2: SINGLE (Groundball, 4MD, EV 101.2 MPH)
Francisco Alhama to third
Layton Arntsen to second
Runner from 3rd tries for Home, SAFE, throw by CF to home
Batting: RHB Kimi Okubo 0-0: Foul Ball, location: 2F
0-1: Fielders Choice at 2nd, 1-4 (Groundball, 25, EV 86.9 MPH)
Layton Arntsen to third
Batting: LHB Bill Butler 0-0: Ball
Kimi Okubo steals 2nd base
1-0: Ball
2-0: Fly out, F8 (Line Drive, 8RM, EV 94.4 MPH)
Bottom of the 4th over - 1 run, 3 hits, 0 errors, 2 left on base; St. Louis 3 - D.C. 3
TOP OF THE 5TH
St. Louis Coeur batting - Pitching for D.C. Divided : RHP Kyuichi Hori
Batting: RHB Joel Iyiegbuniwe 0-0: Ball
1-0: Called Strike
1-1: Foul Ball, location: 2F
1-2: Strikes out swinging
Batting: RHB Ik-jun Cho 0-0: Foul Ball, location: 2F
0-1: Fly out, F9 (Flyball, 9D, EV 106.2 MPH)
Batting: RHB Jack Bonner 0-0: Ball
1-0: Foul Ball, location: 2F
1-1: Ball
2-1: Called Strike
2-2: Ball
3-2: Ground out 4-3 (Groundball, 4S, EV 75.6 MPH)
Top of the 5th over - 0 runs, 0 hits, 0 errors, 0 left on base; St. Louis 3 - D.C. 3
BOTTOM OF THE 5TH
D.C. Divided batting - Pitching for St. Louis Coeur : LHP Ralph Greer
Batting: RHB Martín Chávez 0-0: Ball
1-0: Called Strike
1-1: Ground out 6-3 (Groundball, 6, EV 86.9 MPH)
Batting: LHB Manuel Carmona 0-0: Ground out 4-3 (Groundball, 4, EV 108.1 MPH)
Batting: SHB Billy Dotson 0-0: Ball
1-0: Called Strike
1-1: Ground out 3-1 (Groundball, 34S, EV 93.1 MPH)
Bottom of the 5th over - 0 runs, 0 hits, 0 errors, 0 left on base; St. Louis 3 - D.C. 3
TOP OF THE 6TH
St. Louis Coeur batting - Pitching for D.C. Divided : RHP Kyuichi Hori
Pitching: RHP José Quiñones
Batting: RHB Joe Mueller 0-0: Fly out, F7 (Flyball, 7, EV 95.0 MPH)
Batting: RHB Jaime Soto 0-0: Ground out 1-3 (Groundball, 13, EV 73.8 MPH)
Batting: LHB Qing-nian Zexian 0-0: Called Strike
0-1: Swinging Strike
0-2: Ball
1-2: Ball
2-2: Fly out, F8 (Flyball, 8LD, EV 109.4 MPH)
Top of the 6th over - 0 runs, 0 hits, 0 errors, 0 left on base; St. Louis 3 - D.C. 3
BOTTOM OF THE 6TH
D.C. Divided batting - Pitching for St. Louis Coeur : LHP Ralph Greer
Batting: RHB Francisco Alhama 0-0: Ball
1-0: Swinging Strike
1-1: Foul Ball, location: 2F
1-2: Foul Ball, location: 2F
1-2: Ball
2-2: Strikes out swinging
Batting: RHB Layton Arntsen 0-0: DOUBLE (Groundball, 5L, EV 100.6 MPH)
Batting: RHB Bartolo Álvarez 0-0: Ball
1-0: Called Strike
1-1: Swinging Strike
1-2: Strikes out looking
Pitching: LHP James Callendar
Batting: RHB Nick Boyd 0-0: Foul Ball, location: 2F
0-1: Called Strike
0-2: Foul Ball, location: 2F
0-2: Fly out, F9 (Flyball, 9S, EV 95.6 MPH)
Bottom of the 6th over - 0 runs, 1 hit, 0 errors, 1 left on base; St. Louis 3 - D.C. 3
TOP OF THE 7TH
St. Louis Coeur batting - Pitching for D.C. Divided : RHP José Quiñones
Batting: RHB Nobuhisa Murakami 0-0: Ball
1-0: Ball
2-0: Called Strike
2-1: SOLO HOME RUN (Flyball, 7LD, EV 105.0 MPH), Distance : 361 ft
Batting: RHB Guillermo Coss 0-0: Called Strike
0-1: Foul Ball, location: 2F
0-2: Ball
1-2: Fly out, F8 (Flyball, 8LD, EV 87.5 MPH)
Batting: LHB Jae-seop Byeon 0-0: Ball
1-0: Ball
2-0: Called Strike
2-1: Fly out, F7 (Flyball, 7LS, EV 80.6 MPH)
Batting: RHB Joel Iyiegbuniwe 0-0: Ground out 5-3 (Groundball, 56S, EV 86.2 MPH)
Top of the 7th over - 1 run, 1 hit, 0 errors, 0 left on base; St. Louis 4 - D.C. 3
BOTTOM OF THE 7TH
D.C. Divided batting - Pitching for St. Louis Coeur : LHP James Callendar
Batting: RHB Kimi Okubo 0-0: Called Strike
0-1: Foul Ball, location: 2F
0-2: Foul Ball, location: 2F
0-2: Ball
1-2: Ball
2-2: Ground out 6-3 (Groundball, 6, EV 104.4 MPH)
Batting: LHB Bill Butler 0-0: Fly out, F9 (Flyball, 89S, EV 83.8 MPH)
Batting: RHB Martín Chávez 0-0: Ball
1-0: Ground out 5-3 (Groundball, 56, EV 110.6 MPH)
Bottom of the 7th over - 0 runs, 0 hits, 0 errors, 0 left on base; St. Louis 4 - D.C. 3
TOP OF THE 8TH
St. Louis Coeur batting - Pitching for D.C. Divided : RHP José Quiñones
Batting: RHB Ik-jun Cho 0-0: SOLO HOME RUN (Flyball, 7D, EV 106.9 MPH), Distance : 390 ft
Batting: RHB Jack Bonner 0-0: Foul Ball, location: 2F
0-1: Ball
1-1: Called Strike
1-2: Strikes out looking
Batting: RHB Joe Mueller 0-0: Ball
1-0: Ball
2-0: Ball
3-0: Called Strike
3-1: Foul Ball, location: 2F
3-2: Strikes out swinging, 2-3 out at first.
Batting: RHB Jaime Soto 0-0: Ball
1-0: Swinging Strike
1-1: Ball
2-1: Ball
3-1: Base on Balls
Pitching: RHP Yaroslav Red'kin
Batting: LHB Qing-nian Zexian 0-0: Called Strike
0-1: Ball
1-1: Swinging Strike
1-2: Ground out U3 (Groundball, 3, EV 81.2 MPH)
Top of the 8th over - 1 run, 1 hit, 0 errors, 1 left on base; St. Louis 5 - D.C. 3
BOTTOM OF THE 8TH
D.C. Divided batting - Pitching for St. Louis Coeur : LHP James Callendar
Pitching: LHP Denie Ulderink
Batting: LHB Manuel Carmona 0-0: Called Strike
0-1: Ball
1-1: SINGLE (Groundball, 34D, EV 94.4 MPH)
Batting: SHB Billy Dotson 0-0: Called Strike
0-1: Ball
1-1: Ball
2-1: Swinging Strike
2-2: Foul Ball, location: 2F
2-2: SINGLE (Line Drive, 8LS, EV 114.4 MPH)
Manuel Carmona to second
Batting: RHB Francisco Alhama 0-0: Sac Bunt to 13 - play at first, batter OUT! 1-3
Manuel Carmona to third
Billy Dotson to second
Batting: RHB Layton Arntsen 0-0: Ball
1-0: SINGLE (Groundball, 6D, EV 100.0 MPH)
Manuel Carmona scores
Billy Dotson to third
Batting: RHB Bartolo Álvarez 0-0: Ball
1-0: Called Strike
1-1: Called Strike
1-2: Strikes out swinging
Batting: RHB Nick Boyd 0-0: Swinging Strike
0-1: Ball
1-1: Foul Ball, location: 2F
1-2: Foul Ball, location: 2F
1-2: Ball
2-2: Ball
3-2: Ground out 4-3 (Groundball, 4S, EV 72.5 MPH)
Bottom of the 8th over - 1 run, 3 hits, 0 errors, 2 left on base; St. Louis 5 - D.C. 4
TOP OF THE 9TH
St. Louis Coeur batting - Pitching for D.C. Divided : RHP Yaroslav Red'kin
Batting: RHB Nobuhisa Murakami 0-0: Called Strike
0-1: Ball
1-1: Swinging Strike
1-2: Ball
2-2: Strikes out swinging
Batting: RHB Guillermo Coss 0-0: Ball
1-0: Foul Ball, location: 2F
1-1: Foul Ball, location: 2F
1-2: Strikes out looking
Batting: LHB Jae-seop Byeon 0-0: Called Strike
0-1: Ball
1-1: Ball
2-1: Fly out, F9 (Flyball, 89M, EV 72.5 MPH)
Top of the 9th over - 0 runs, 0 hits, 0 errors, 0 left on base; St. Louis 5 - D.C. 4
BOTTOM OF THE 9TH
D.C. Divided batting - Pitching for St. Louis Coeur : LHP Denie Ulderink
Batting: RHB Kimi Okubo 0-0: Ball
1-0: Ball
2-0: Foul Ball, location: 2F
2-1: Foul Ball, location: 2F
2-2: Ball
3-2: SINGLE (Groundball, 56D, EV 94.4 MPH)
Batting: LHB Bill Butler 0-0: Ball
1-0: Ball
2-0: Fly out, F8 (Line Drive, 8RD, EV 96.9 MPH)
Pitching: RHP Marcel Bloemheuvel
Pinch Hitting: LHB Stanley Zijm 0-0: Called Strike
0-1: Ball
1-1: Swinging Strike
1-2: Foul Ball, location: 2F
1-2: DOUBLE (Flyball, 89XD, EV 106.2 MPH)
Kimi Okubo to third
Pinch Runner at 2nd Craig Morgan:
Batting: LHB Manuel Carmona 0-0: Ball
1-0: Foul Ball, location: 2F
1-1: Called Strike
1-2: Ball
2-2: Fly out, F4 (Line Drive, 4, EV 72.5 MPH)
Pitching: RHP Jasper Kirby
Batting: SHB Billy Dotson 0-0: Intentional Walk
Batting: RHB Francisco Alhama 0-0: Fly out, F3 (Line Drive, 3, EV 67.5 MPH)
Bottom of the 9th over - 0 runs, 2 hits, 0 errors, 3 left on base; St. Louis 5 - D.C. 4
Tuesday, January 5th, 2021 - OOTP Baseball 20.8 Build 74